[Event "Estonian Chess Championship 2025"]
[Site "Tallinn, EE"]
[Date "2025.12.11"]
[Round "1.1"]
[White "Leht, Karl Samuel"]
[Black "Volodin, Aleksandr"]
[Result "0-1"]
[Board "1"]
[TimeControl "5400+30"]
[WhiteFideId "4520840"]
[BlackFideId "4501950"]
[BlackTitle "GM"]
[WhiteElo "1825"]
[BlackElo "2471"]
[WhiteTeam "EST"]
[BlackTeam "EST"]
[WhiteClock "0:03:52"]
[BlackClock "0:28:38"]
[Variant "Standard"]

1. e4 c5 2. Nf3 d6 3. d4 cxd4 4. Nxd4 Nf6 5. Nc3 a6 6. h3 e5 7. Nb3 Be6 8. Be3 Be7 9. Qf3 Nbd7 10. g4 h6 11. O-O-O Rc8 12. Nd5 b5 13. Kb1 Bxd5 14. exd5 Nb6 15. Bxb6 Qxb6 16. h4 g6 17. h5 gxh5 18. gxh5 Rg8 19. Bh3 Rc4 20. Rhg1 Rxg1 21. Rxg1 Rf4 22. Qc3 Bd8 23. Qc8 Rxf2 24. Rg7 Qc7 25. c3 Kf8 26. Rg1 Qxc8 27. Bxc8 a5 28. Ba6 a4 29. Nc1 a3 30. Nd3 Rd2 31. Bxb5 e4 32. Kc1 Rh2 33. Nb4 Rxb2 34. Bc4 Nxh5 35. Rh1 Bg5+ 36. Kd1 Rb1+ 0-1

[Event "Estonian Chess Championship 2025"]
[Site "Tallinn, EE"]
[Date "2025.12.12"]
[Round "1.2"]
[White "Volodin, Aleksandr"]
[Black "Leht, Karl Samuel"]
[Result "1-0"]
[Board "1"]
[TimeControl "5400+30"]
[WhiteFideId "4501950"]
[BlackFideId "4520840"]
[WhiteTitle "GM"]
[WhiteElo "2471"]
[BlackElo "1825"]
[WhiteTeam "EST"]
[BlackTeam "EST"]
[WhiteClock "0:28:13"]
[BlackClock "0:32:20"]
[Variant "Standard"]

1. d4 d5 2. c4 c6 3. Nf3 Nf6 4. e3 Bf5 5. Nc3 e6 6. Nh4 Be4 7. f3 Bg6 8. Qb3 Qb6 9. Nxg6 hxg6 10. Be2 Bd6 11. f4 Bb4 12. Bf3 Nbd7 13. O-O Bxc3 14. bxc3 Qxb3 15. axb3 Nb6 16. Ba3 dxc4 17. Rfb1 Nfd5 18. bxc4 Nxe3 19. c5 Nc2 20. cxb6 Nxa1 21. bxa7 Rxa7 22. Bc5 Ra6 23. Rxb7 Rh7 24. Bb6 Rh6 25. Bxc6+ Kf8 26. Rb8+ Ke7 27. Bd8+ Kd6 28. Bb5 Rc6 29. c4 Nc2 30. c5+ Kd5 31. Bxc6+ Kxc6 32. Rb6+ Kd7 33. Rd6+ Kc8 34. d5 exd5 35. Bb6 Nb4 36. c6 Rh8 37. c7 Kb7 38. Rd8 Kxb6 39. c8=Q 1-0

[Event "Estonian Chess Championship 2025"]
[Site "Tallinn, EE"]
[Date "2025.12.11"]
[Round "1.1"]
[White "Oim, Mikk Kaarel"]
[Black "Kanep, Meelis"]
[Result "1/2-1/2"]
[Board "2"]
[TimeControl "5400+30"]
[WhiteFideId "4514815"]
[BlackFideId "4501047"]
[BlackTitle "GM"]
[WhiteElo "2022"]
[BlackElo "2378"]
[WhiteTeam "EST"]
[BlackTeam "EST"]
[WhiteClock "0:18:03"]
[BlackClock "0:21:48"]
[Variant "Standard"]

1. e4 d6 2. d4 Nf6 3. Nc3 e5 4. Nf3 Nbd7 5. Bc4 Be7 6. O-O O-O 7. h3 c6 8. dxe5 dxe5 9. a4 Qc7 10. Qe2 Nc5 11. Bg5 Ne6 12. Rad1 Nh5 13. Bxe6 Bxe6 14. Be3 g6 15. Ng5 Bxg5 16. Bxg5 f6 17. Be3 Qe7 18. b3 Qb4 19. Rd3 Rfd8 20. Rfd1 Rxd3 1/2-1/2

[Event "Estonian Chess Championship 2025"]
[Site "Tallinn, EE"]
[Date "2025.12.12"]
[Round "1.2"]
[White "Kanep, Meelis"]
[Black "Oim, Mikk Kaarel"]
[Result "1-0"]
[Board "2"]
[TimeControl "5400+30"]
[WhiteFideId "4501047"]
[BlackFideId "4514815"]
[WhiteTitle "GM"]
[WhiteElo "2378"]
[BlackElo "2022"]
[WhiteTeam "EST"]
[BlackTeam "EST"]
[WhiteClock "0:02:01"]
[BlackClock "0:05:23"]
[Variant "Standard"]

1. Nf3 Nf6 2. g3 g6 3. b3 Bg7 4. Bb2 d6 5. d4 O-O 6. Bg2 a5 7. O-O Nfd7 8. c4 Nc6 9. Nc3 e5 10. dxe5 Ndxe5 11. Nxe5 Nxe5 12. Qd2 a4 13. Rad1 axb3 14. axb3 Be6 15. Ra1 Rxa1 16. Rxa1 c6 17. Qc2 Qc8 18. Rd1 Rd8 19. Qc1 Qc7 20. h3 Qb6 21. Qc2 Ra8 22. Na4 Qa5 23. Bc3 Qc7 24. f4 Nd7 25. Bxg7 Kxg7 26. e4 f5 27. exf5 Bxf5 28. Qd2 d5 29. cxd5 cxd5 30. Qd4+ Nf6 31. g4 Be4 32. g5 Qxf4 33. Qxf6+ Qxf6 34. gxf6+ Kxf6 35. Nb6 Ra2 36. Nxd5+ Bxd5 37. Rxd5 Rb2 38. Rb5 b6 39. Rxb6+ Kf5 40. b4 h5 41. b5 g5 42. Bf1 g4 43. h4 g3 44. Bh3+ Kf4 45. Rf6+ Ke3 46. Rf5 Rh2 47. Rxh5 Rxh3 48. b6 Rh2 49. Rb5 Kf3 50. Rb3+ 1-0

[Event "Estonian Chess Championship 2025"]
[Site "Tallinn, EE"]
[Date "2025.12.11"]
[Round "1.1"]
[White "Maidla, Vallo"]
[Black "Medar, Marti"]
[Result "0-1"]
[Board "3"]
[TimeControl "5400+30"]
[WhiteFideId "4500296"]
[BlackFideId "4501870"]
[WhiteTitle "IM"]
[WhiteElo "2372"]
[BlackElo "2086"]
[WhiteTeam "EST"]
[BlackTeam "EST"]
[WhiteClock "0:00:51"]
[BlackClock "0:01:28"]
[Variant "Standard"]

1. e4 c5 2. Nf3 d6 3. d4 cxd4 4. Nxd4 Nf6 5. Nc3 a6 6. Be3 e6 7. Qf3 Nbd7 8. O-O-O Qc7 9. Qg3 b5 10. a3 Bb7 11. Bxb5 axb5 12. Ndxb5 Qb8 13. Rd4 Nxe4 14. Nxe4 Bxe4 15. Rb4 Bc6 16. Nd4 Qc8 17. Re1 d5 18. Bd2 Nc5 19. f3 Ba4 20. Kb1 Kd7 21. Re3 Qc7 22. Qg4 h5 23. Qh3 Be7 24. c4 Bg5 25. cxd5 Bxe3 26. dxe6+ Nxe6 27. Bxe3 Qe5 28. f4 Qe4+ 29. Ka1 Ke8 0-1

[Event "Estonian Chess Championship 2025"]
[Site "Tallinn, EE"]
[Date "2025.12.12"]
[Round "1.2"]
[White "Medar, Marti"]
[Black "Maidla, Vallo"]
[Result "1/2-1/2"]
[Board "3"]
[TimeControl "5400+30"]
[WhiteFideId "4501870"]
[BlackFideId "4500296"]
[BlackTitle "IM"]
[WhiteElo "2086"]
[BlackElo "2372"]
[WhiteTeam "EST"]
[BlackTeam "EST"]
[WhiteClock "0:02:17"]
[BlackClock "0:01:35"]
[Variant "Standard"]

1. Nf3 d5 2. c4 e6 3. e3 Nf6 4. b3 b6 5. cxd5 exd5 6. Bb2 Be7 7. Nc3 O-O 8. d4 a6 9. Bd3 Bg4 10. Qc2 Bxf3 11. gxf3 c5 12. Ne2 Nc6 13. a3 a5 14. Rc1 a4 15. b4 c4 16. Bf5 b5 17. Bc3 g6 18. Bh3 Re8 19. Bg2 Ra6 20. e4 Nh5 21. O-O Bg5 22. Bd2 Bxd2 23. Qxd2 dxe4 24. fxe4 Ne5 25. Rc3 Nd3 26. Rxd3 cxd3 27. Qxd3 Qd7 28. f4 Nf6 29. Nc3 Rc8 30. e5 Ng4 31. Nd5 Kg7 32. h3 Nh6 33. Nf6 Qa7 34. Rd1 Nf5 35. Be4 Nd6 36. exd6 Rxd6 37. Nd5 Rc4 38. Bg2 Qd7 39. Qe4 Re6 40. Qd3 Qc8 41. f5 gxf5 42. Qg3+ Kf8 43. Nf4 Rd6 44. Qe3 Qe8 45. Qf2 Rc3 46. Re1 Qd8 47. Kh1 Rxa3 48. d5 Rb3 49. Qd4 Kg8 50. Nh5 Rg6 51. Qe5 h6 52. Nf4 Ra6 53. Nh5 Rg6 54. Nf4 Ra6 55. Nh5 Rg6 56. Nf4 1/2-1/2

[Event "Estonian Chess Championship 2025"]
[Site "Tallinn, EE"]
[Date "2025.12.11"]
[Round "1.1"]
[White "Obolonin, Filipp"]
[Black "Chukavin, Kirill"]
[Result "0-1"]
[Board "4"]
[TimeControl "5400+30"]
[WhiteFideId "4505549"]
[BlackFideId "4503023"]
[BlackTitle "FM"]
[WhiteElo "2103"]
[BlackElo "2358"]
[WhiteTeam "EST"]
[BlackTeam "EST"]
[WhiteClock "0:46:59"]
[BlackClock "0:16:41"]
[Variant "Standard"]

1. d4 Nf6 2. Nf3 d5 3. c4 e6 4. g3 Bb4+ 5. Bd2 Bd6 6. Bg2 c6 7. O-O Nbd7 8. Nc3 dxc4 9. a4 O-O 10. Qc2 e5 11. Bg5 exd4 12. Nxd4 h6 13. Bxf6 Nxf6 14. Rfd1 Qe7 15. Nf5 Bxf5 16. Qxf5 Rfe8 17. e3 Be5 18. Qc2 Rad8 19. a5 Qc5 20. Ra4 Bxc3 21. Rxd8 Rxd8 22. bxc3 Ng4 23. Qe4 Rd1+ 24. Bf1 Nxh2 25. Kxh2 Rxf1 26. Kg2 Rd1 27. Qe8+ Qf8 28. Qe4 Rd5 29. Qxc4 Qc5 30. Qb3 Rh5 31. e4 Qb5 32. Rb4 Qe2 33. Qb1 Rxa5 34. Rxb7 Ra2 35. Kh3 Qh5+ 36. Kg2 Qe2 37. Kh3 Qxf2 38. e5 Qh2+ 39. Kg4 Qe2+ 40. Kf4 g5+ 0-1

[Event "Estonian Chess Championship 2025"]
[Site "Tallinn, EE"]
[Date "2025.12.12"]
[Round "1.2"]
[White "Chukavin, Kirill"]
[Black "Obolonin, Filipp"]
[Result "1-0"]
[Board "4"]
[TimeControl "5400+30"]
[WhiteFideId "4503023"]
[BlackFideId "4505549"]
[WhiteTitle "FM"]
[WhiteElo "2358"]
[BlackElo "2103"]
[WhiteTeam "EST"]
[BlackTeam "EST"]
[WhiteClock "0:10:25"]
[BlackClock "0:23:00"]
[Variant "Standard"]

1. e4 e5 2. Nf3 Nc6 3. Bb5 a6 4. Ba4 Nf6 5. O-O b5 6. Bb3 Bc5 7. d3 d6 8. a3 Bg4 9. c3 h6 10. h3 Bd7 11. Re1 Bb6 12. Nbd2 g5 13. Nf1 Ne7 14. d4 Ng6 15. dxe5 Nxe5 16. Be3 Rb8 17. Bxb6 Rxb6 18. Ne3 O-O 19. Nd4 Kh7 20. Ndf5 Be6 21. Bc2 Rh8 22. Rf1 Kg8 23. f4 gxf4 24. Rxf4 Kf8 25. Nd4 h5 26. Qd2 Ke8 27. a4 c5 28. Ndf5 Kf8 29. axb5 axb5 30. Raf1 Ne8 31. Nd5 Rb7 32. b4 Rg8 33. bxc5 dxc5 34. Qe3 Qc8 35. Rh4 Bxf5 36. Qh6+ Rg7 37. Qh8+ Rg8 38. Qh6+ Rg7 39. exf5 f6 40. Nxf6 Nf7 41. Nh7+ Kg8 42. Qxh5 1-0

[Event "Estonian Chess Championship 2025"]
[Site "Tallinn, EE"]
[Date "2025.12.11"]
[Round "1.1"]
[White "Seeman, Tarvo"]
[Black "Gorkov, Kirill"]
[Result "1-0"]
[Board "5"]
[TimeControl "5400+30"]
[WhiteFideId "4500547"]
[BlackFideId "4516214"]
[WhiteTitle "IM"]
[WhiteElo "2355"]
[BlackElo "2157"]
[WhiteTeam "EST"]
[BlackTeam "EST"]
[WhiteClock "0:04:02"]
[BlackClock "0:04:19"]
[Variant "Standard"]

1. c4 c5 2. Nf3 Nc6 3. Nc3 e5 4. e3 Nf6 5. d4 e4 6. Ne5 h5 7. Be2 Qc7 8. f4 cxd4 9. exd4 d6 10. Nxc6 bxc6 11. d5 Be7 12. O-O cxd5 13. Nxd5 Nxd5 14. cxd5 Qc5+ 15. Kh1 Bb7 16. Qa4+ Kf8 17. Qxe4 Qxd5 18. Qxd5 Bxd5 19. Bf3 Bxf3 20. Rxf3 f5 21. Bd2 Kf7 22. Bc3 Rhc8 23. Rd1 Rab8 24. g3 Rb6 25. Rfd3 Rb5 26. Kg2 Rc4 27. Rd4 Rxd4 28. Rxd4 Bf6 29. Ra4 Bxc3 30. Rxa7+ Kf6 31. bxc3 Rb2+ 32. Kh3 g6 33. a4 Rb3 34. c4 Rb4 35. Ra6 Rxc4 36. Rxd6+ Kg7 37. Kh4 Kh6 38. Ra6 Rc2 39. Kh3 Ra2 40. Ra7 Rf2 41. a5 Rb2 42. Ra8 Ra2 43. Ra6 Rb2 44. Ra7 Rc2 45. a6 Ra2 46. Ra8 Kh7 47. Kh4 Kh6 48. h3 Ra3 49. Rh8+ Kg7 50. Rb8 Kh6 51. Ra8 Ra4 52. g4 hxg4 53. hxg4 fxg4 54. Kxg4 Ra3 55. Kh4 Kg7 56. Kg5 Ra5+ 57. Kg4 Ra3 58. f5 gxf5+ 59. Kxf5 Kh7 60. Ke5 Ra5+ 61. Kd6 Rg5 62. Re8 Ra5 63. Re7+ Kg6 64. a7 Ra6+ 65. Kc5 Kf6 66. Rh7 Ke5 67. Kb5 Ra1 68. Kc6 Rc1+ 69. Kb7 Rb1+ 70. Kc8 Ra1 71. Kb8 Rb1+ 72. Rb7 Rg1 73. a8=Q 1-0

[Event "Estonian Chess Championship 2025"]
[Site "Tallinn, EE"]
[Date "2025.12.12"]
[Round "1.2"]
[White "Gorkov, Kirill"]
[Black "Seeman, Tarvo"]
[Result "0-1"]
[Board "5"]
[TimeControl "5400+30"]
[WhiteFideId "4516214"]
[BlackFideId "4500547"]
[BlackTitle "IM"]
[WhiteElo "2157"]
[BlackElo "2355"]
[WhiteTeam "EST"]
[BlackTeam "EST"]
[WhiteClock "0:00:35"]
[BlackClock "0:01:49"]
[Variant "Standard"]

1. e4 e6 2. b3 d5 3. Bb2 Nc6 4. e5 d4 5. Nf3 Qd5 6. Qe2 b6 7. g3 Bb7 8. Bg2 d3 9. cxd3 O-O-O 10. d4 Nb4 11. Nh4 Qa5 12. Bxb7+ Kxb7 13. Na3 Qa6 14. Qe4+ Kb8 15. Nc4 Qb7 16. Qxb7+ Kxb7 17. O-O Nc2 18. Rac1 Nxd4 19. Kg2 Ne7 20. Ne3 c5 21. f4 Nef5 22. Nexf5 Nxf5 23. Nf3 Be7 24. Bc3 h5 25. h3 Rd3 26. Kf2 b5 27. Rg1 Rhd8 28. g4 Nh4 29. Ng5 Bxg5 30. fxg5 b4 31. Ba1 Rxh3 32. d4 hxg4 33. Rxc5 Nf5 34. Rxg4 Rh2+ 35. Kf3 Rdh8 36. Rg1 R8h3+ 37. Kf4 Rf2+ 0-1

[Event "Estonian Chess Championship 2025"]
[Site "Tallinn, EE"]
[Date "2025.12.11"]
[Round "1.1"]
[White "Andrijashkin, Deniss"]
[Black "Krivenko, Dion"]
[Result "0-1"]
[Board "6"]
[TimeControl "5400+30"]
[WhiteFideId "4504631"]
[BlackFideId "4508378"]
[BlackTitle "FM"]
[WhiteElo "2187"]
[BlackElo "2269"]
[WhiteTeam "EST"]
[BlackTeam "EST"]
[WhiteClock "0:17:16"]
[BlackClock "0:01:35"]
[Variant "Standard"]

1. e4 c5 2. Nf3 d6 3. d4 cxd4 4. Nxd4 Nf6 5. Nc3 Bd7 6. Rg1 Nc6 7. g4 Nxd4 8. Qxd4 e5 9. Qd1 Bc6 10. Bd3 d5 11. exd5 Nxd5 12. Qe2 Nxc3 13. Qxe5+ Be7 14. Qxc3 O-O 15. Be3 Qd5 16. Bc4 Qd6 17. Qd4 Qxh2 18. O-O-O Rfd8 19. Qf4 Qxf4 20. Bxf4 Bc5 21. Rxd8+ Rxd8 22. Be3 Bxe3+ 23. fxe3 g5 24. Bd3 Kg7 25. Rg3 Rd6 26. b4 Rh6 27. c4 Rh2 28. Bc2 Bd7 29. a3 b6 30. a4 Rh4 31. Bd1 h5 32. gxh5 Rxc4+ 33. Kd2 f6 34. b5 Be8 35. Rh3 Rh4 36. Rg3 Bxh5 37. Bb3 Bf7 38. Bc2 Bg6 39. Bb3 Be4 40. Kc3 Kg6 41. Rg1 0-1

[Event "Estonian Chess Championship 2025"]
[Site "Tallinn, EE"]
[Date "2025.12.12"]
[Round "1.2"]
[White "Krivenko, Dion"]
[Black "Andrijashkin, Deniss"]
[Result "1-0"]
[Board "6"]
[TimeControl "5400+30"]
[WhiteFideId "4508378"]
[BlackFideId "4504631"]
[WhiteTitle "FM"]
[WhiteElo "2269"]
[BlackElo "2187"]
[WhiteTeam "EST"]
[BlackTeam "EST"]
[WhiteClock "0:00:46"]
[BlackClock "0:02:34"]
[Variant "Standard"]

1. e4 c5 2. Nf3 e6 3. Qe2 Nc6 4. g3 g6 5. Bg2 Bg7 6. h4 h6 7. c3 e5 8. O-O Nge7 9. Na3 d6 10. Nc2 O-O 11. b4 cxb4 12. cxb4 a6 13. Bb2 f5 14. d4 fxe4 15. Qxe4 Bf5 16. Qe2 e4 17. Nd2 d5 18. Nb3 Bc8 19. a4 Nf5 20. b5 Nce7 21. Ba3 Rf7 22. bxa6 Rxa6 23. Bxe7 Qxe7 24. Ne3 Qd6 25. Rfc1 Rf8 26. Nxf5 gxf5 27. Qe3 f4 28. gxf4 Qe7 29. Qg3 Bf5 30. h5 Kh7 31. Rc3 Bf6 32. Rac1 Rg8 33. Qh2 Rc6 34. Rg3 Rxc1+ 35. Nxc1 Bxd4 36. Bh3 Rxg3+ 37. Qxg3 Qf7 38. Ne2 Bg7 39. Bxf5+ Qxf5 40. Qh4 Bf6 41. Ng3 Qe6 42. f5 Qc6 43. Qf4 Kg7 44. Kg2 b6 45. Kh3 Qc5 46. Kg2 Qe7 47. Qe3 Qd6 48. Qe2 Bg5 49. Qa6 Qc7 50. Qa8 Qd7 51. Qb8 Bd8 52. Qe5+ Bf6 53. Qb8 d4 54. Nxe4 Qc6 55. Qg3+ Kf8 56. Qd6+ Qxd6 57. Nxd6 d3 58. Kf3 Bd4 59. Nc4 Kf7 60. Ke4 Bxf2 61. Kxd3 Kf6 62. Ke4 Kg5 63. Ke5 Kxh5 64. Ke6 Kg5 65. f6 Bc5 66. f7 Kg6 67. Nxb6 1-0

[Event "Estonian Chess Championship 2025"]
[Site "Tallinn, EE"]
[Date "2025.12.11"]
[Round "1.1"]
[White "Vorobjov, Pavel"]
[Black "Rychagov, Nikita"]
[Result "1-0"]
[Board "7"]
[TimeControl "5400+30"]
[WhiteFideId "4500989"]
[BlackFideId "4508394"]
[BlackTitle "CM"]
[WhiteElo "2229"]
[BlackElo "2222"]
[WhiteTeam "EST"]
[BlackTeam "EST"]
[WhiteClock "0:50:34"]
[BlackClock "1:23:23"]
[Variant "Standard"]

1. Nf3 d5 2. g3 c5 3. Bg2 Nc6 4. d4 Nf6 5. O-O e6 6. c4 dxc4 7. dxc5 Qxd1 8. Rxd1 Bxc5 9. Nbd2 c3 10. bxc3 O-O 11. Nb3 Be7 12. Nfd4 Nxd4 13. cxd4 Nd5 14. Bd2 f5 15. Na5 b6 16. Nc6 Ba3 17. Bxd5 exd5 18. Bb4 Rf6 19. Ne7+ 1-0

[Event "Estonian Chess Championship 2025"]
[Site "Tallinn, EE"]
[Date "2025.12.12"]
[Round "1.2"]
[White "Rychagov, Nikita"]
[Black "Vorobjov, Pavel"]
[Result "1-0"]
[Board "7"]
[TimeControl "5400+30"]
[WhiteFideId "4508394"]
[BlackFideId "4500989"]
[WhiteTitle "CM"]
[WhiteElo "2222"]
[BlackElo "2229"]
[WhiteTeam "EST"]
[BlackTeam "EST"]
[WhiteClock "0:14:49"]
[BlackClock "0:09:48"]
[Variant "Standard"]

1. e4 c5 2. Nf3 d6 3. d4 cxd4 4. Nxd4 Nf6 5. Nc3 a6 6. Be3 e5 7. Nb3 Be7 8. f3 Be6 9. Qd2 d5 10. exd5 Nxd5 11. Nxd5 Qxd5 12. Qxd5 Bxd5 13. O-O-O Bxb3 14. axb3 Nc6 15. c3 h6 16. Kb1 Rd8 17. Bc4 Rd6 18. Rxd6 Bxd6 19. Rd1 Bb8 20. Bc5 h5 21. Bd5 Rh6 22. Be4 Rf6 23. b4 Bc7 24. Kc2 g6 25. h3 Bd8 26. g4 hxg4 27. hxg4 Be7 28. Be3 Rd6 29. Rh1 Rd8 30. Rh7 Bf6 31. Bc5 Bg5 32. Bd3 b5 33. Be4 Rd2+ 34. Kb1 Nd8 35. Bb6 Bf6 36. Be3 Re2 37. Bc1 Rg2 38. Bd5 Rg1 39. Kc2 Kf8 40. Be3 Rg2+ 41. Kb3 Kg8 42. Rh6 Kg7 43. Rh1 Re2 44. Bh6+ Kg8 45. Ra1 g5 46. Rxa6 Ne6 47. Bxe6 fxe6 48. Rxe6 Kf7 49. Rb6 Rf2 50. Rxb5 Rxf3 51. Bxg5 Bxg5 52. Rxe5 Kg6 53. b5 Rf2 54. b6 Bc1 55. Rb5 Rxb2+ 56. Kc4 Rg2 57. b7 Rxg4+ 58. Kb3 Bf4 59. Rb4 Rg1 60. Rxf4 Rb1+ 61. Ka4 Rxb7 62. c4 Ra7+ 63. Kb5 Rb7+ 64. Kc6 Rb4 65. Kd5 Ra4 66. Rf1 1-0

[Event "Estonian Chess Championship 2025 - Rapid tie-breaks"]
[Site "Tallinn, EE"]
[Date "2025.12.12"]
[Round "1.3"]
[White "Rychagov, Nikita"]
[Black "Vorobjov, Pavel"]
[Result "1-0"]
[Board "7"]
[TimeControl "900+3"]
[WhiteFideId "4508394"]
[BlackFideId "4500989"]
[WhiteTitle "CM"]
[WhiteElo "2300"]
[BlackElo "2254"]
[WhiteTeam "EST"]
[BlackTeam "EST"]
[WhiteClock "0:02:29"]
[BlackClock "0:01:51"]
[Variant "Standard"]

1. e4 c5 2. Nf3 d6 3. d4 cxd4 4. Nxd4 Nf6 5. Nc3 a6 6. Be3 e5 7. Nb3 Be7 8. f3 Be6 9. Qd2 h5 10. Nd5 Nxd5 11. exd5 Bf5 12. Be2 Nd7 13. O-O O-O 14. Na5 Qc7 15. c4 Bf6 16. Rac1 e4 17. fxe4 Bxe4 18. Bxh5 Rae8 19. b4 Re5 20. Bf3 Bxf3 21. Rxf3 Rh5 22. c5 Be5 23. h3 Re8 24. c6 bxc6 25. dxc6 Nf6 26. Qd3 d5 27. Qxa6 d4 28. Bf2 Rb8 29. Qe2 Rxb4 30. Rxf6 Bh2+ 31. Kh1 Rxa5 32. Qe8+ Kh7 33. Rxf7 Qe5 34. Qxe5 Bxe5 35. Be1 1-0

[Event "Estonian Chess Championship 2025 - Rapid tie-breaks"]
[Site "Tallinn, EE"]
[Date "2025.12.12"]
[Round "1.4"]
[White "Vorobjov, Pavel"]
[Black "Rychagov, Nikita"]
[Result "1/2-1/2"]
[Board "7"]
[TimeControl "900+3"]
[WhiteFideId "4500989"]
[BlackFideId "4508394"]
[BlackTitle "CM"]
[WhiteElo "2254"]
[BlackElo "2300"]
[WhiteTeam "EST"]
[BlackTeam "EST"]
[WhiteClock "0:00:11"]
[BlackClock "0:00:31"]
[Variant "Standard"]

1. d4 Nf6 2. Bg5 Ne4 3. h4 d5 4. Nd2 Nxd2 5. Qxd2 Bf5 6. e3 Qd7 7. Nf3 f6 8. Bf4 e6 9. h5 Nc6 10. Bb5 a6 11. Ba4 Bg4 12. Rh4 Bxf3 13. gxf3 O-O-O 14. O-O-O b5 15. Bb3 Bb4 16. c3 Bf8 17. Bc2 Kb7 18. e4 Bd6 19. Be3 Ne7 20. Rg1 g5 21. hxg6 hxg6 22. Rgh1 Qc8 23. f4 dxe4 24. Bxe4+ c6 25. Rh7 Rxh7 26. Rxh7 Rh8 27. Bxg6 Rxh7 28. Bxh7 Qh8 29. Be4 f5 30. Bf3 Qh3 31. Qe2 Nd5 32. Bxd5 exd5 33. Bd2 Qh1+ 34. Kc2 Qe4+ 35. Qxe4 dxe4 36. Kd1 Kc7 37. Ke2 Kd7 38. f3 exf3+ 39. Kxf3 Ke6 40. Ke3 Kd5 41. Kd3 Bc7 42. b3 Ke6 43. c4 Bd8 44. Bb4 Bc7 45. Ke3 Bb8 46. Bf8 Bc7 47. Bg7 Bd8 48. Be5 Ba5 49. a4 bxa4 50. bxa4 Bd8 51. Kd3 Ba5 52. Kc2 Bd8 53. Kb3 Ba5 54. Ka3 Bd2 55. Kb3 Ba5 56. Bb8 Bd2 57. Kc2 Ba5 58. Kd3 Bb4 59. Bc7 Kd7 60. Bb6 Ke6 61. Ba7 Ba3 62. Kc3 Be7 63. Bb8 Bf8 64. Bc7 Be7 65. Kd3 Bb4 66. Bb8 Ba5 67. d5+ cxd5 68. c5 Kd7 69. Kd4 Kc6 70. Bd6 Bb4 71. Ke5 Bxc5 72. Bxc5 Kxc5 73. Kxf5 d4 74. Ke4 Kc4 75. f5 d3 76. Ke3 Kc3 77. f6 d2 78. Ke4 1/2-1/2

[Event "Estonian Chess Championship 2025"]
[Site "Tallinn, EE"]
[Date "2025.12.17"]
[Round "4.1"]
[White "Chukavin, Kirill"]
[Black "Kanep, Meelis"]
[Result "1-0"]
[Board "1"]
[TimeControl "5400+30"]
[WhiteFideId "4503023"]
[BlackFideId "4501047"]
[WhiteTitle "FM"]
[BlackTitle "GM"]
[WhiteElo "2358"]
[BlackElo "2378"]
[WhiteTeam "EST"]
[BlackTeam "EST"]
[WhiteClock "0:08:48"]
[BlackClock "0:08:50"]
[Variant "Standard"]

1. e4 d6 2. d4 Nf6 3. Nc3 e5 4. Nf3 Nbd7 5. Bc4 Be7 6. O-O O-O 7. Re1 c6 8. a4 h6 9. h3 Re8 10. Ba2 Qc7 11. Nh4 Nf8 12. dxe5 dxe5 13. Qf3 Be6 14. Nf5 Bxf5 15. exf5 Bb4 16. Ne4 N8h7 17. c3 Bf8 18. Qg3 Kh8 19. Nxf6 Nxf6 20. Qh4 Nd5 21. f6 Nxf6 22. Bxh6 Nd5 23. c4 gxh6 24. cxd5 cxd5 25. Bxd5 Bg7 26. Qh5 Re7 27. Be4 Qd7 28. Ra3 Qd2 29. Rae3 Qd7 30. Rd3 Qxa4 31. Qf5 Kg8 32. Qh7+ 1-0

[Event "Estonian Chess Championship 2025"]
[Site "Tallinn, EE"]
[Date "2025.12.18"]
[Round "4.2"]
[White "Kanep, Meelis"]
[Black "Chukavin, Kirill"]
[Result "1/2-1/2"]
[Board "1"]
[TimeControl "5400+30"]
[WhiteFideId "4501047"]
[BlackFideId "4503023"]
[WhiteTitle "GM"]
[BlackTitle "FM"]
[WhiteElo "2378"]
[BlackElo "2358"]
[WhiteTeam "EST"]
[BlackTeam "EST"]
[WhiteClock "0:59:48"]
[BlackClock "1:27:31"]
[Variant "Standard"]

1. d4 Nf6 2. c4 e6 3. Nf3 d5 4. Nc3 c5 5. cxd5 cxd4 6. Qxd4 exd5 7. e4 dxe4 8. Qxd8+ Kxd8 9. Ng5 Be6 10. Nxe6+ fxe6 11. Bc4 Ke7 12. O-O Kf7 13. Bg5 1/2-1/2

[Event "Estonian Chess Championship 2025"]
[Site "Tallinn, EE"]
[Date "2025.12.17"]
[Round "4.1"]
[White "Rychagov, Nikita"]
[Black "Sirosh, Ilja"]
[Result "0-1"]
[Board "2"]
[TimeControl "5400+30"]
[WhiteFideId "4508394"]
[BlackFideId "4500458"]
[WhiteTitle "CM"]
[BlackTitle "IM"]
[WhiteElo "2222"]
[BlackElo "2391"]
[WhiteTeam "EST"]
[BlackTeam "EST"]
[WhiteClock "0:09:58"]
[BlackClock "0:47:30"]
[Variant "Standard"]

1. e4 c6 2. d4 d5 3. e5 Bf5 4. Nf3 e6 5. Be2 c5 6. Be3 cxd4 7. Nxd4 Ne7 8. O-O Nbc6 9. Bb5 a6 10. Bxc6+ bxc6 11. c4 Qd7 12. Nc3 dxc4 13. Na4 Nd5 14. Nxf5 exf5 15. Rc1 c3 16. bxc3 Nxe3 17. fxe3 Qe6 18. Qf3 g6 19. Rfd1 Be7 20. Rd6 Bxd6 21. Qxc6+ Kf8 22. Qxa8+ Kg7 23. Qa7 Bxe5 24. Rd1 Rc8 25. Nc5 Qxa2 26. Qxa6 Qxa6 27. Nxa6 Rxc3 28. Kf2 Bxh2 29. g3 Rc2+ 30. Kf3 g5 31. Rf1 g4+ 32. Kf4 Kf6 0-1

[Event "Estonian Chess Championship 2025"]
[Site "Tallinn, EE"]
[Date "2025.12.18"]
[Round "4.2"]
[White "Sirosh, Ilja"]
[Black "Rychagov, Nikita"]
[Result "1/2-1/2"]
[Board "2"]
[TimeControl "5400+30"]
[WhiteFideId "4500458"]
[BlackFideId "4508394"]
[WhiteTitle "IM"]
[BlackTitle "CM"]
[WhiteElo "2391"]
[BlackElo "2222"]
[WhiteTeam "EST"]
[BlackTeam "EST"]
[WhiteClock "1:00:14"]
[BlackClock "0:45:20"]
[Variant "Standard"]

1. e4 e5 2. Nf3 Nc6 3. Nc3 Nf6 4. d4 exd4 5. Nxd4 Bb4 6. Nxc6 bxc6 7. Bd3 d5 8. Bd2 O-O 9. O-O Rb8 10. Re1 Re8 11. exd5 Rxe1+ 12. Qxe1 cxd5 13. a3 Be7 14. b4 c5 15. bxc5 Bxc5 16. Be3 d4 17. Bf4 Rb6 18. Ne4 Nxe4 19. Qxe4 g6 20. Qe5 Bf8 21. Qc7 Qxc7 22. Bxc7 Re6 23. Kf1 Ba6 24. Bb8 Bxd3+ 25. cxd3 Ra6 26. a4 Bb4 27. Rb1 Bc3 28. Rb7 Re6 29. g4 a5 30. Rd7 f5 31. gxf5 gxf5 32. Ba7 Re1+ 33. Kg2 Rd1 34. Bxd4 Rxd3 35. Rg7+ Kh8 1/2-1/2

[Event "Estonian Women's Chess Championship 2025"]
[Site "Tallinn, EE"]
[Date "2025.12.11"]
[Round "1.1"]
[White "Reren, Alexis Miriam"]
[Black "Olde, Margareth"]
[Result "0-1"]
[Board "1"]
[TimeControl "5400+30"]
[WhiteFideId "4521765"]
[BlackFideId "4503082"]
[BlackTitle "WIM"]
[WhiteElo "1620"]
[BlackElo "2214"]
[WhiteTeam "EST"]
[BlackTeam "EST"]
[WhiteClock "0:15:22"]
[BlackClock "0:13:09"]
[Variant "Standard"]

1. d4 d5 2. c4 e6 3. Nc3 Nf6 4. e3 a6 5. Bd3 dxc4 6. Bxc4 c5 7. Nge2 b5 8. Bd3 Nc6 9. O-O cxd4 10. exd4 Bb7 11. Bg5 Be7 12. a3 h6 13. Bh4 Rc8 14. Rc1 O-O 15. Bc2 b4 16. axb4 Nxb4 17. Bb1 Qa5 18. Qb3 Bc6 19. h3 Rb8 20. Qd1 Rfd8 21. Qd2 Rb7 22. Rfd1 Qb6 23. Bg3 Rbd7 24. Be5 Ne8 25. Qe3 Bf6 26. Qg3 Qb7 27. Nf4 Kf8 28. Re1 Bxe5 29. dxe5 g5 30. Nh5 Nd3 31. Bxd3 Rxd3 32. Qg4 R8d4 33. Qe2 Bxg2 34. Ng3 Bf3 35. Qc2 Kg7 36. Nce2 Rd8 37. Rcd1 Rxd1 38. Rxd1 Rxd1+ 39. Qxd1 Qxb2 40. Qd3 Qa1+ 41. Kh2 Bd5 42. Nc3 Qe1 43. Qc2 Qxe5 44. Nxd5 exd5 45. Qa4 Nf6 46. Qxa6 Ne4 47. Qe2 Qf4 48. Kg2 Nxg3 49. Qb2+ Qf6 50. Qxf6+ Kxf6 51. Kxg3 Ke5 0-1